 Dungeon Crawl Stone Soup version 0.22-a0-538-g76cc104 (webtiles) character file.

3760 Gildeon the Thaumaturge (level 9, -12/47 HPs)
             Began as a Deep Elf Fire Elementalist on June 23, 2018.
             Was a Believer of Sif Muna.
             Mangled by Prince Ribbit (15 damage)
             ... on level 9 of the Dungeon.
             The game lasted 01:07:12 (8567 turns).

Gildeon the Thaumaturge (DEFE)                      Turns: 8567, Time: 01:07:13

Health: -12/47     AC: 11    Str:  6    XL:     9   Next: 94%
Magic:  30/33      EV: 15    Int: 23    God:    Sif Muna [**....]
Gold:   531        SH:  0    Dex: 15    Spells: 5/27 levels left

rFire    . . .     SeeInvis .   l - +1 dagger
rCold    . . .     Gourm    .   (no shield)
rNeg     . . .     Faith    .   a - +2 robe
rPois    .         Spirit   .   (no helmet)
rElec    .         Reflect  .   s - +1 cloak
rCorr    .         Harm     .   m - +0 pair of gloves
MR       .....                  (no boots)
Stlth    +++.......             v - amulet of magic regeneration
HPRegen  0.15/turn              r - ring of magical power
MPRegen  0.48/turn              g - +4 ring of protection

@: no status effects
A: no striking features
a: Divine Energy, Renounce Religion


You were on level 9 of the Dungeon.
You worshipped Sif Muna.
Sif Muna was pleased with you.
You were not hungry.

You visited 2 branches of the dungeon, and saw 10 of its levels.

You collected 531 gold pieces.

Inventory:

Hand Weapons
 l - a +1 dagger (weapon)
Armour
 a - a +2 robe (worn)
 d - a +2 leather armour of cold resistance
 k - +0 ice dragon scales
 m - a +0 pair of gloves (worn)
 s - a +1 cloak (worn)
Jewellery
 e - an uncursed ring of protection from cold
 g - a +4 ring of protection (right hand)
 h - an uncursed ring of positive energy
 n - an uncursed ring of positive energy
 r - a ring of magical power (left hand)
 u - an uncursed ring of protection from magic
 v - an amulet of magic regeneration (around neck)
 y - an uncursed ring of ice
 B - an uncursed amulet of regeneration
Wands
 p - a wand of random effects (2)
Scrolls
 b - 2 scrolls of blinking
 f - a scroll of teleportation
 i - 2 scrolls of remove curse
 o - 2 scrolls of fear
 t - 4 scrolls of fog
Potions
 j - 4 potions of curing
 q - 2 potions of flight
 w - a potion of lignification
 z - 2 potions of haste
 A - 2 potions of invisibility {unknown}
 C - 2 potions of magic {unknown}
Comestibles
 c - 20 rations


   Skills:
 - Level 1.1 Fighting
 - Level 5.0 Short Blades
 - Level 0.1 Armour
 - Level 5.1 Dodging
 - Level 5.2 Stealth
 + Level 9.8 Spellcasting
 - Level 5.1 Conjurations
 - Level 5.0 Hexes
 - Level 5.0 Fire Magic
 + Level 4.7 Earth Magic
 + Level 0.6 Invocations
 - Level 5.0 Evocations


You had 5 spell levels left.
You knew the following spells:

 Your Spells              Type           Power        Failure   Level  Hunger
a - Flame Tongue          Conj/Fire      ####.        1%          1    None
b - Throw Flame           Conj/Fire      ####..       1%          2    None
c - Conjure Flame         Conj/Fire      ####....     2%          3    None
d - Inner Flame           Hex/Fire       ####....     2%          3    None
e - Sticky Flame          Conj/Fire      ####....     7%          4    ##.....
f - Fireball              Conj/Fire      ####......   21%         5    ####...
g - Leda's Liquefaction   Hex/Erth       ####......   8%          4    ##.....

Your spell library contained the following spells:

 Spells                   Type           Power        Failure   Level  Hunger
 Cause Fear               Hex            ####......   7%          4    ##.....
 Slow                     Hex            ####....     1%          2    None
 Animate Dead             Necr           N/A          50%         4    ##.....
 Pain                     Necr           ##..         6%          1    None
 Animate Skeleton         Necr           N/A          6%          1    None
 Vampiric Draining        Necr           ##........   17%         3    None
 Regeneration             Chrm/Necr      ##........   17%         3    None
 Corona                   Hex            ####...      1%          1    None
 Portal Projectile        Hex/Tloc       ###...       6%          3    None


Dungeon Overview and Level Annotations

Branches:
Dungeon (9/15)             Temple (1/1) D:5
   Lair: D:8-11         Orc: D:9-12

Altars:
Ashenzari
Cheibriados
Dithmenos
Elyvilon
Fedhas
Gozag
Hepliaklqana
Kikubaaqudgha
Makhleb
Nemelex Xobeh
Okawaru
Qazlal
Ru
Sif Muna
Trog
Uskayaw
Vehumet
Wu Jian
Xom
Yredelemnul
Zin
The Shining One

Shops:
D:4 %%   D:6 (   D:7 =

Annotations:
D:4 exclusion: downstairs
D:8 exclusion: downstairs
D:9 3 runed doors, Prince Ribbit; pk666's ghost, journeyman DEFE


Message History

Confirm with . or Enter, or press ? or * to list all spells.
Aiming: Flame Tongue (safe; 1% risk of failure)
Press: ? - help, Shift-Dir - straight line, f/p - hound
Aim: a hound (heavily wounded)
The flame tongue hits the hound.
You kill the hound!
Sif Muna accepts your kill. Prince Ribbit barely misses you.
Prince Ribbit hits you!
Casting: Flame Tongue (safe; 1% risk of failure)
Confirm with . or Enter, or press ? or * to list all spells.
Aiming: Flame Tongue (safe; 1% risk of failure)
Press: ? - help, Shift-Dir - straight line, f - Prince Ribbit
Aim: Prince Ribbit (lightly wounded)
The flame tongue misses Prince Ribbit.
Prince Ribbit hits you!
* * * LOW HITPOINT WARNING * * *
You feel better. Prince Ribbit hits you!
* * * LOW HITPOINT WARNING * * *
Prince Ribbit hits you but does no damage.
Prince Ribbit hits you!
You die...

#.# #.# ######+##
####'#### ...%....#
#.......# #
........####.......# #
........'.##.......# ###
........#<##.......###.+
........#..'.......##..#
....>..@####.......#..##
......F.# #.......#.###
........# #....=..'.# #
........# #.......### #
........##########.# #
##########..#.#..#.# #
##.()$.##.# #.......#.#
##..ZZZ##.#


You could see Prince Ribbit.

Vanquished Creatures
  An ugly thing (D:7)
  A hippogriff (D:7)
  Sigmund (D:5)
  A hungry ghost (D:8)
  An ice beast (D:8)
  3 sky beasts
  A necrophage (D:8)
  2 phantoms
  6 ogres
  4 bullfrogs
  A scorpion (D:9)
  A howler monkey (D:4)
  2 crimson imps
  2 bullfrog zombies
  A quasit (D:6)
  A centaur skeleton (D:8)
  2 orc priests
  Crazy Yiuf (D:5)
  6 hounds
  A jelly (D:9)
  9 orc wizards
  Jessica (D:3)
  A bullfrog skeleton (D:7)
  4 iguanas
  8 worker ants
  A hound skeleton (D:5)
  A worker ant zombie (D:5)
  4 gnolls
  15 adders
  An ooze (D:3)
  2 adder zombies
  An adder skeleton (D:4)
  3 worms (D:4)
  4 dart slugs
  9 leopard geckos
  23 orcs
  6 giant cockroaches
  10 goblins
  5 hobgoblins
  12 jackals
  5 kobolds
  4 quokkas
  7 bats
  2 frilled lizards
  2 jackal skeletons (D:4)
  A quokka zombie (D:7)
  3 rats
183 creatures vanquished.

Notes
Turn   | Place    | Note
-------+----------+-------------------------------------------
     0 | D:1      | Gildeon the Deep Elf Fire Elementalist began the quest for the Orb.
     0 | D:1      | Reached XP level 1. HP: 10/10 MP: 6/6
   293 | D:1      | Reached XP level 2. HP: 15/15 MP: 5/8
   297 | D:1      | Learned a level 2 spell: Throw Flame
  1024 | D:2      | Reached XP level 3. HP: 17/19 MP: 0/10
  1033 | D:2      | Learned a level 3 spell: Conjure Flame
  1037 | D:2      | Learned a level 3 spell: Inner Flame
  1381 | D:2      | Reached skill level 4 in Spellcasting
  1433 | D:2      | Found a sparkling altar of Nemelex Xobeh.
  1562 | D:2      | Reached XP level 4. HP: 24/24 MP: 9/12
  1894 | D:3      | Noticed Jessica
  1900 | D:3      | Killed Jessica
  2256 | D:3      | Reached XP level 5. HP: 28/28 MP: 14/14
  2267 | D:3      | Learned a level 4 spell: Sticky Flame
  2355 | D:4      | Reached skill level 5 in Spellcasting
  2446 | D:4      | Reached skill level 1 in Hexes
  2446 | D:4      | Reached skill level 5 in Fire Magic
  2471 | D:4      | Reached XP level 6. HP: 32/32 MP: 15/15
  2569 | D:4      | Found Anus's Food Boutique.
  2816 | D:4      | Found Yhyny's Food Emporium.
  3129 | D:5      | Entered Level 5 of the Dungeon
  3130 | D:5      | Noticed Sigmund
  3448 | D:5      | Reached XP level 7. HP: 24/36 MP: 16/16
  3593 | D:5      | Killed Sigmund
  3593 | D:5      | Reached skill level 5 in Conjurations
  3750 | D:5      | Found a staircase to the Ecumenical Temple.
  3789 | Temple   | Entered the Ecumenical Temple
  3816 | Temple   | Became a worshipper of Sif Muna the Loreminder
  4123 | D:5      | Reached skill level 5 in Stealth
  4381 | D:5      | Found a runed door.
  4451 | D:5      | Noticed Crazy Yiuf
  4455 | D:5      | Killed Crazy Yiuf
  4455 | D:5      | Reached skill level 5 in Hexes
  4455 | D:5      | Reached skill level 1 in Evocations
  4708 | D:5      | Reached XP level 8. HP: 41/41 MP: 18/18
  4777 | D:5      | Learned a level 5 spell: Fireball
  4873 | D:6      | Reached skill level 6 in Spellcasting
  5197 | D:6      | Reached skill level 5 in Dodging
  5370 | D:6      | Found Dyiprod's Weapon Shop.
  5549 | D:6      | Noticed a catoblepas
  5904 | D:6      | Reached skill level 1 in Short Blades
  5904 | D:6      | Reached skill level 7 in Spellcasting
  6671 | D:7      | Found a white marble altar of Elyvilon.
  6690 | D:7      | Reached * piety under Sif Muna
  6894 | D:7      | Noticed a hippogriff
  6924 | D:7      | Killed a hippogriff
  6924 | D:7      | Reached skill level 5 in Evocations
  6924 | D:7      | Reached XP level 9. HP: 45/45 MP: 22/22
  6930 | D:7      | Learned a level 4 spell: Leda's Liquefaction
  7116 | D:7      | Reached skill level 8 in Spellcasting
  7141 | D:7      | Found Figun's Jewellery Boutique.
  7219 | D:7      | Reached skill level 1 in Earth Magic
  7259 | D:7      | Noticed a green ugly thing
  7300 | D:7      | Killed a green ugly thing
  7676 | D:7      | Reached skill level 9 in Spellcasting
  7813 | D:8      | Reached ** piety under Sif Muna
  8113 | D:8      | Reached skill level 5 in Short Blades
  8145 | D:8      | Reached skill level 1 in Fighting
  8334 | D:9      | Noticed a two-headed ogre
  8507 | D:9      | Found a runed gate.
  8507 | D:9      | Found a runed gate.
  8507 | D:9      | Found a runed gate.
  8507 | D:9      | Noticed pk666's ghost (journeyman DEFE)
  8541 | D:9      | Noticed Prince Ribbit
  8567 | D:9      | Mangled by Prince Ribbit

Vault maps used:
D:1:      minmay_arrival_split_and_join, grunt_decor_mini_mirrors,
          minmay_split_cup_large
D:2:      nemelex_diamond_rough_becter
D:3:      uniq_jessica
D:4:      minmay_wonky_spiral, serial_corexii_hall, corexii_hall_statues_l,
          corexii_hall_statues_x, corexii_hall_statues_x, first_ration,
          serial_shops, nicolae_shop_competitors_out_of_business, shop
D:5:      temple_doors_e, uniq_sigmund, uniq_crazy_yiuf_cottage
D:6:      cheibrodos_barr_body, serial_shops, nicolae_shop_stone
D:7:      kennysheep_big_flooded_room, elyvilon_altar_5, serial_shops, shop,
          grunt_ogre_cave
D:9:      david_lair_generic, gammafunk_ghost_necromancy, uniq_prince_ribbit1,
          uniq_grum
Temple:   nicolae_temple_the_god_donut

Skill      XL: |  1  2  3  4  5  6  7  8  9 |
---------------+----------------------------+-----
Conjurations   | 2 3 4 5 |  5.1
Fire Magic     | 4 5 |  5.0
Spellcasting   | 4 5 7 9 |  9.8
Hexes          | 1 3 5 |  5.0
Stealth        | 4 5 |  5.2
Dodging        | 3 5 |  5.1
Evocations     | 1 5 |  5.0
Short Blades   | 3 5 |  5.0
Earth Magic    | 4 |  4.7
Fighting       | 1 |  1.1
Armour         | |  0.1
Invocations    | |  0.6

Action                   |  1- 3 |  4- 6 |  7- 9 || total
-------------------------+-------+-------+-------++-------
Melee: Dagger            |     5 |    19 |   179 ||   203
       Unarmed           |     2 |       |       ||     2
 Cast: Flame Tongue      |    59 |   128 |   229 ||   416
       Throw Flame       |       |       |     7 ||     7
       Sticky Flame      |       |       |    22 ||    22
       Inner Flame       |       |       |     1 ||     1
Evoke: Wand              |       |     6 |    57 ||    63
  Use: Scroll            |     5 |    10 |    10 ||    25
       Potion            |       |       |     4 ||     4
 Stab: Sleeping          |     2 |     3 |     9 ||    14
       Paralysed         |       |     2 |       ||     2
  Eat: Chunk             |     2 |     4 |     9 ||    15
       Ration            |       |     1 |     5 ||     6
Armor: Robe              |     6 |    13 |   121 ||   140
       Ice dragon scales |       |       |     8 ||     8
Dodge: Dodged            |    41 |    48 |   191 ||   280

Table legend:
 A = Spawn XP
 B = Non-spawn XP
 C = Spawn XP percentage of total XP
 D = Spawn monster count
 E = Non-spawn monster count
 F = Spawn count percentage of total count
 G = Total turns spent on level
                    A         B        C        D         E        F      G
               +---------+---------+-------+---------+---------+-------+---------
         Total |       0 |    5372 |   0.0 |       0 |     183 |   0.0 |  8567
               +---------+---------+-------+---------+---------+-------+---------
           D:1 |       0 |      35 |   0.0 |       0 |      18 |   0.0 |  1045
           D:2 |       0 |      68 |   0.0 |       0 |      18 |   0.0 |   606
           D:3 |       0 |     107 |   0.0 |       0 |      24 |   0.0 |   676
           D:4 |       0 |     378 |   0.0 |       0 |      19 |   0.0 |   856
           D:5 |       0 |    1007 |   0.0 |       0 |      27 |   0.0 |  1339
           D:6 |       0 |     851 |   0.0 |       0 |      27 |   0.0 |  1821
           D:7 |       0 |    1758 |   0.0 |       0 |      28 |   0.0 |  1061
           D:8 |       0 |    1013 |   0.0 |       0 |      19 |   0.0 |   644
           D:9 |       0 |     155 |   0.0 |       0 |       3 |   0.0 |   225
               +---------+---------+-------+---------+---------+-------+---------
